 Dungeon Crawl Stone Soup version 0.31.0-10-gcf4a605ca0 (webtiles) character file.

Game seed: 502360960849059576

19119 Arcadio the Stormcaller (level 12, -6/73 HPs)
             Began as a Tengu Air Elementalist on Jan 25, 2024.
             Was a High Priest of the Shining One.
             Shot with a bolt by a yaktaur (21 damage)
             ... on level 13 of the Dungeon.
             The game lasted 00:37:25 (16400 turns).

Arcadio the Stormcaller (Tengu Air Elementalist)   Turns: 16400, Time: 00:37:26

Health: -6/73      AC:  9    Str:  9    XL:     12   Next: 65%
Magic:  31/34      EV: 36    Int: 23    God:    the Shining One [*****.]
Gold:   771        SH:  0    Dex: 15    Spells: 17/27 levels left

rFire   . . .        q - +9 hand axe "Xeihyami" {spect, Int+3}
rCold   . . .        (no shield)
rNeg    + + .        S - +0 acid dragon scales
rPois   .            (helmet restricted)
rElec   .            u - +0 cloak
rCorr   +            D - +0 pair of gloves
SInv    .            (boots unavailable)
Will    .....        O - amulet of faith
Stlth   +            Q - ring of resist corrosion
HPRegen 0.32/turn    R - ring of magical power
MPRegen 0.24/turn

%: acrobat, faith
@: swift, acrobatic, flying, glowing, very quick
A: beak, talons 3, evasive flight, acrobatic
a: Renounce Religion, Divine Shield, Cleansing Flame, Summon Divine Warrior


You were on level 13 of the Dungeon.
You worshipped the Shining One.
The Shining One was extremely pleased with you.
You visited 4 branches of the dungeon, and saw 16 of its levels.

You collected 771 gold pieces.

Inventory:

Hand Weapons
 c - a +0 dagger
 k - a +0 dagger of venom
 l - a +0 morningstar
 q - the +9 hand axe "Xeihyami" (weapon) {spect, Int+3}
   (You found it on level 4 of the Dungeon)

   Int+3:     It affects your intelligence (+3).
Missiles
 t - a throwing net
Armour
 a - a +0 robe
 o - a +1 robe of fire resistance
 u - a +0 cloak (worn)
 D - a +0 pair of gloves (worn)
 K - a +1 robe of fire resistance
 S - +0 acid dragon scales (worn)
 T - a +0 troll leather armour
Jewellery
 C - an amulet of reflection
 O - an amulet of faith (around neck)
 Q - a ring of resist corrosion (left hand)
 R - a ring of magical power (right hand)
Wands
 m - a wand of flame (35)
 s - a wand of polymorph (25)
 y - a wand of mindburst (18)
 H - a wand of charming (7)
 N - a wand of roots (6)
Scrolls
 e - a scroll of fog {unknown}
 f - 2 scrolls of fear
 g - a scroll of blinking
 i - 5 scrolls of teleportation {unknown}
 j - 4 scrolls of noise
 r - 3 scrolls of identify
 v - 4 scrolls of enchant weapon
 w - a scroll of enchant armour {unknown}
 z - a scroll of summoning {unknown}
 E - 2 scrolls of immolation {unknown}
 F - a scroll of torment {unknown}
 M - 2 scrolls of revelation {unknown}
 P - a scroll of vulnerability {unknown}
Potions
 b - 2 potions of magic
 d - a potion of enlightenment {unknown}
 h - a potion of might
 n - a potion of curing
 p - a potion of heal wounds {unknown}
 x - a potion of cancellation {unknown}
 A - 2 potions of invisibility
 B - 3 potions of attraction
 G - a potion of mutation {unknown}
 J - 3 potions of haste {unknown}
Miscellaneous
 I - a phial of floods
 L - a sack of spiders


   Skills:
 - Level 8.0 Fighting
 + Level 3.9 Armour
 - Level 12.4 Dodging
 - Level 2.0 Stealth
 + Level 8.2 Spellcasting
 - Level 1.3 Conjurations
 + Level 15.4 Air Magic
 + Level 3.2 Invocations


You had 17 spell levels left.
You knew the following spells:

 Your Spells              Type           Power      Damage    Failure   Level
a - Shock                 Conj/Air       100%       1d9       1%          1
b - Static Discharge      Conj/Air       96%        3-7/arc   1%          2
c - Airstrike             Air            34%        2d(5-21)  1%          4
d - Swiftness             Air            69%        N/A       1%          3

Your spell library contained the following spells:

 Spells                   Type           Power      Damage    Failure   Level
 Magic Dart               Conj           60%        1d6       6%          1
 Kiss of Death            Conj/Necr      48%        2d9       9%          1
 Sting                    Conj/Alch      48%        1d6       9%          1
 Searing Ray              Conj           30%        2d5       10%         2
 Apportation              Tloc           18%        N/A       11%         1
 Necrotise                Necr           36%        1d5       11%         1
 Summon Small Mammal      Summ           36%        N/A       11%         1
 Call Imp                 Summ           18%        N/A       17%         2
 Lesser Beckoning         Tloc           18%        N/A       17%         2
 Sublimation of Blood     Necr           9%         N/A       17%         2
 Stone Arrow              Conj/Erth      24%        3d8       26%         3
 Confusing Touch          Hex            9%         N/A       32%         3
 Gell's Gravitas          Tloc           9%         N/A       32%         3
 Inner Flame              Hex/Fire       9%         N/A       32%         3
 Teleport Other           Tloc           9%         N/A       32%         3
 Fulminant Prism          Conj/Alch      6%         3d7       63%         4
 Animate Armour           Summ/Erth      18%        N/A       73%         4
 Dispel Undead            Necr           9%         3d8       73%         4
 Irradiate                Conj/Alch      6%         3d13      93%         5
 Summon Hydra             Summ           4%         N/A       100%        7
 Ignition                 Fire           4%         3d4       100%        8
 Lehudib's Crystal Spear  Conj/Erth      6%         10d3      100%        8


Dungeon Overview and Level Annotations

Branches:
Dungeon (13/15)            Temple (1/1) D:7            Lair (1/5) D:8
    Orc (1/2) D:9
 Vaults: D:13-14

Altars:
Ashenzari
Cheibriados
Dithmenos
Elyvilon
Fedhas
Gozag
Hepliaklqana
Kikubaaqudgha
Makhleb
Nemelex Xobeh
Okawaru
Qazlal
Ru
Sif Muna
Trog
Uskayaw
Vehumet
Wu Jian
Xom
Yredelemnul
Zin
The Shining One

Shops:
D:8 :

Annotations:
D:4 2 transporters, Nattefrost's ghost, weakling DsDe
D:7 exclusion: downstairs
Temple 2 transporters


Innate Abilities, Weirdness & Mutations

You have a beak for a mouth.
You have claws for feet.
Your magical flight helps you evade attacks. (EV +4)
You can magically evade attacks while moving or waiting.


Message History

You hear a shout!
You slash the orc wizard! Your kick misses the orc wizard.
You peck the orc wizard.
The orc wizard is severely wounded.
Your +9 hand axe "Xeihyami" {spect, Int+3} hits the orc wizard.
The orc wizard hits your +9 hand axe "Xeihyami" {spect, Int+3} but does no damage.
The yaktaur shoots a bolt.
The bolt misses your +9 hand axe "Xeihyami" {spect, Int+3}.
The bolt hits you!
You hit the orc wizard.
You kill the orc wizard!
Your +9 hand axe "Xeihyami" {spect, Int+3} disappears.
A centaur, an orc wizard and a yaktaur come into view.
The orc wizard is wielding a +2 dagger of holy wrath.
The centaur shouts!
The orc wizard shouts!
The yaktaur shouts!
You hear a shout! x4
The centaur wields a +0 shortbow of flaming.
It bursts into flame!
The centaur shoots an arrow.
The arrow completely misses you.
An orc warrior comes into view. It is wielding a +0 scimitar.
The yaktaur shoots a bolt.
The bolt hits you!!
A centaur warrior comes into view.
Things that are here:
a +0 dagger; a +0 robe The yaktaur wields a +0 arbalest.
The yaktaur shoots a bolt.
The bolt completely misses you.
Okay, then.
Casting: Airstrike (safe; 1% risk of failure)
Confirm with . or Enter, or press ? or * to list all spells.
You feel quick.
The yaktaur shoots a bolt.
The bolt closely misses you.
The centaur warrior wields a +0 shortbow.
The centaur warrior shoots an arrow.
The arrow barely misses you.
You hear a shout!
The centaur shoots an arrow.
The arrow completely misses you.
The centaur warrior shoots an arrow.
The arrow closely misses you.
The yaktaur shoots a bolt.
The bolt closely misses you.
The centaur shoots an arrow.
The arrow completely misses you.
The yaktaur shoots a bolt.
The bolt hits you!
The yaktaur shoots a bolt.
The bolt hits you!!
You die...

#.# #####..# #)# .. #..# #.#
# .##..# c #.######### #.
#.#..#.# #..........
#..##.#..#.##.. #..........
#......c...#
#..################.#..#.###
#......................c...
#..............@.....c.......
#..################o#c.#.####
#..####### #o.........
#......... #..##o#..#.##.
#......... #o #.#..#.#
#.######## # .##..# . #.# .
#..# #.# #### # #..# ###
#.############..# ##..# ..#


You could see 2 yaktaurs and an orc wizard.

Vanquished Creatures
  A tengu warrior (D:13)
  Pikel (D:6)
  A deep elf zephyrmancer (D:9)
  A manticore (D:13)
  4 elephants
  3 cyclopes
  A cane toad (D:7)
  2 centaur skeletons (D:13)
  3 gargoyles
  An unseen horror (D:12)
  3 trolls
  Prince Ribbit (D:8)
  A shadow (D:11)
  A spriggan (D:10)
  3 slime creatures (D:13)
  27 yaks
  A warg (D:9)
  3 wyverns
  2 steam dragons (D:7)
  4 vampire mosquitoes (D:12)
  4 acid dragons
  3 water moccasins
  A swamp drake (D:9)
  4 orc warriors
  An ice beast (D:6)
  A black bear (D:4)
  An ogre (D:5)
  6 centaurs
  6 wolves
  A kobold brigand (D:7)
  3 bullfrogs
  2 scorpions
  30 wights
  5 killer bees (D:10)
  2 bombardier beetles
  A cerulean imp (D:6)
  A jelly (D:6)
  3 hounds
  5 orc priests
  A gnoll bouda (D:5)
  2 sleepcaps
  Ijyb (D:5)
  2 iguanas
  Natasha (thrice) (D:3)
  16 orc wizards
  Terence (D:3)
  5 gnolls (D:5)
  4 adders
  3 shadow imps
  2 dart slugs
  A ribbon worm (D:4)
  45 orcs
  4 ball pythons
  5 bats
  7 endoplasms
  3 giant cockroaches
  11 goblins
  11 hobgoblins
  3 jackals (D:1)
  A quokka (D:1)
  3 frilled lizards
  10 kobolds
  6 rats
  A spectral goblin (D:5)
295 creatures vanquished.

Notes
Turn   | Place    | Note
-------+----------+-------------------------------------------
     0 | D:1      | Arcadio the Tengu Air Elementalist began the quest for the
                  | Orb.
     0 | D:1      | Reached XP level 1. HP: 10/10 MP: 4/4
   132 | D:1      | Reached XP level 2. HP: 14/15 MP: 3/6
   203 | D:1      | Learned a level 2 spell: Static Discharge
   302 | D:1      | Reached XP level 3. HP: 14/19 MP: 2/7
  1068 | D:2      | Found a glowing golden altar of the Shining One.
  1074 | D:2      | Became a worshipper of the Shining One
  1636 | D:2      | Reached XP level 4. HP: 24/24 MP: 9/9
  1974 | D:3      | Reached skill level 5 in Air Magic
  2203 | D:3      | Learned a level 4 spell: Airstrike
  2256 | D:3      | Noticed Terence
  2359 | D:3      | Killed Terence
  2360 | D:3      | Reached XP level 5. HP: 3/28 MP: 3/10
  2647 | D:3      | Noticed Natasha
  2653 | D:3      | Killed Natasha
  2874 | D:3      | Noticed Natasha
  2880 | D:3      | Killed Natasha
  2993 | D:3      | Noticed Natasha
  3000 | D:3      | Killed Natasha
  3001 | D:3      | Reached XP level 6. HP: 14/32 MP: 9/12
  3111 | D:4      | Reached * piety under the Shining One
  3120 | D:4      | Reached skill level 6 in Air Magic
  3368 | D:4      | Found a transporter.
  3374 | D:4      | Found a transporter.
  3374 | D:4      | Noticed Nattefrost's ghost (weakling DsDe)
  3739 | D:4      | Found a shimmering altar of Xom.
  3739 | D:4      | Found a shimmering altar of Xom.
  3764 | D:4      | Found a shimmering altar of Xom.
  3765 | D:4      | Found a shimmering altar of Xom.
  3765 | D:4      | Found a shimmering altar of Xom.
  3824 | D:4      | Identified the +9 hand axe "Xeihyami" {spect, Int+3}
  3963 | D:5      | Entered Level 5 of the Dungeon
  3963 | D:5      | Noticed a black bear
  4040 | D:4      | Killed a black bear
  4041 | D:4      | Reached skill level 5 in Dodging
  4041 | D:4      | Gained mutation: Your magical flight helps you evade
                  | attacks. (EV +4) [Tengu growth]
  4041 | D:4      | Reached XP level 7. HP: 29/36 MP: 14/14
  4070 | D:4      | Learned a level 3 spell: Swiftness
  4083 | D:5      | Reached skill level 1 in Fighting
  4083 | D:5      | Reached skill level 7 in Air Magic
  4268 | D:5      | Noticed Ijyb
  4272 | D:5      | Killed Ijyb
  4324 | D:5      | Reached XP level 8. HP: 45/45 MP: 15/15
  4346 | D:5      | Noticed a wyvern
  4352 | D:5      | Killed a wyvern
  4353 | D:5      | Reached skill level 8 in Air Magic
  4547 | D:5      | Reached ** piety under the Shining One
  4598 | D:5      | Found a hazy altar of Hepliaklqana.
  4861 | D:5      | Found a burning altar of Makhleb.
  5186 | D:6      | Reached skill level 9 in Air Magic
  5187 | D:6      | Found a basalt altar of Yredelemnul.
  5188 | D:6      | Noticed Pikel
  5219 | D:6      | Killed Pikel
  5220 | D:6      | Reached skill level 5 in Fighting
  5220 | D:6      | Reached XP level 9. HP: 45/54 MP: 16/16
  5665 | D:6      | Noticed Grinder
  5667 | D:6      | Grinder changed into Grinder the cerulean imp
  5667 | D:6      | Noticed Grinder
  5671 | D:6      | Killed Grinder the cerulean imp
  5672 | D:6      | Reached skill level 10 in Air Magic
  6740 | D:7      | Found a staircase to the Ecumenical Temple.
  6752 | Temple   | Found a transporter.
  6752 | Temple   | Found a transporter.
  6752 | Temple   | Found a transporter.
  6752 | Temple   | Found a transporter.
  6752 | Temple   | Entered the Ecumenical Temple
  6990 | D:7      | Reached *** piety under the Shining One
  7004 | D:7      | Reached skill level 11 in Air Magic
  7004 | D:7      | Reached XP level 10. HP: 46/61 MP: 17/17
  7328 | D:7      | Found a stormy altar of Qazlal.
  7400 | D:7      | Found a shimmering blue altar of Sif Muna.
  7421 | D:7      | Identified the +7 orcbow "Conservator" {elec, SInv}
  7602 | D:8      | Noticed Prince Ribbit
  7602 | D:8      | Noticed a death yak
  7603 | D:8      | Noticed a death yak
  7604 | D:8      | Noticed a death yak
  7604 | D:8      | Noticed a death yak
  7604 | D:8      | Noticed a death yak
  7604 | D:8      | Noticed a death yak
  8071 | D:8      | Found Tuaclop's Book Shoppe.
  8181 | D:8      | Found a staircase to the Lair.
  8198 | D:8      | Killed Prince Ribbit
  8668 | Lair:1   | Entered Level 1 of the Lair of Beasts
  8676 | D:8      | Reached skill level 12 in Air Magic
  8683 | D:8      | Reached skill level 10 in Dodging
  9284 | D:9      | Found a staircase to the Orcish Mines.
  9292 | D:9      | Reached **** piety under the Shining One
  9489 | D:9      | Found an opulent altar of Gozag.
  9876 | D:9      | Found an ancient bone altar of Kikubaaqudgha.
  9889 | D:9      | Reached skill level 5 in Spellcasting
  9889 | D:9      | Reached XP level 11. HP: 65/68 MP: 19/19
 10141 | D:9      | Found a hide-covered altar of Uskayaw.
 10141 | D:9      | Found a shadowy altar of Dithmenos.
 10227 | D:9      | Noticed a deep elf zephyrmancer
 10236 | D:9      | Killed a deep elf zephyrmancer
 10432 | D:10     | Entered Level 10 of the Dungeon
 10441 | D:10     | Reached skill level 13 in Air Magic
 10531 | D:10     | Noticed a two-headed ogre
 10535 | D:10     | a two-headed ogre changed into a spriggan
 10764 | D:10     | Found a white marble altar of Elyvilon.
 11410 | D:10     | Reached ***** piety under the Shining One
 11669 | D:11     | Found a glowing golden altar of the Shining One.
 12186 | D:11     | Noticed a cyclops
 12190 | D:11     | Killed a cyclops
 12255 | D:11     | Noticed a cyclops
 12262 | D:11     | Killed a cyclops
 12504 | D:11     | Reached skill level 14 in Air Magic
 13618 | D:12     | Reached XP level 12. HP: 11/73 MP: 23/23
 13919 | Orc:1    | Entered Level 1 of the Orcish Mines
 13930 | Orc:1    | Noticed an orc warlord
 14300 | Lair:1   | Reached skill level 1 in Armour
 14310 | D:8      | Reached skill level 1 in Invocations
 14437 | Lair:1   | HP: 3/109 [elephant (6)]
 14444 | Lair:1   | Noticed a death yak
 14445 | Lair:1   | Noticed a death yak
 14758 | Lair:1   | Noticed a death yak
 14775 | D:7      | Reached skill level 15 in Air Magic
 15745 | D:13     | Noticed a tengu warrior
 15749 | D:13     | Killed a tengu warrior
 16395 | D:13     | Noticed a centaur warrior
 16400 | D:13     | Shot with a bolt by a yaktaur

Illustrated notes

Levels and vault maps discovered:
D:1:      shiori_arrival_oz, layout_basic
D:2:      layout_loops_ring, basic_altar
D:3:      layout_basic, uniq_terence, uniq_natasha
D:4:      layout_basic, xom_redecorated, gammafunk_ghost_arena,
          kennysheep_generic_room_14
D:5:      layout_cave_pools, nicolae_hepliaklqana_monster_ancestors,
          makhleb_grotto_becter, st_stairs_8, uniq_ijyb
D:6:      layout_basic, mainiacjoe_overflow_alcove_4, water_boxes_lemuel,
          uniq_grinder, uniq_pikel
D:7:      layout_gridville, mainiacjoe_overflow_six_doors_small,
          lemuel_tele_altar, minmay_temple_entry_hall
D:8:      layout_cave_pools, dpeg_lair_monsters, serial_shops, shop,
          uniq_prince_ribbit1
D:9:      layout_long_grid, mainiacjoe_overflow_alcove_1,
          nicolae_gozag_seed_capital, gammafunk_temple_overflow_statue,
          erik_orc_1, serial_co_window_serial, co_window_of_opportunity_a,
          co_window_paths_a, co_window_corner_a, co_window_corner_a,
          co_window_paths_b, co_window_paths_c, co_window_corner_ca,
          co_window_cross_4, co_window_corner_b, co_window_corner_b,
          co_window_4corner_b, glass_columns_a, glass_columns_a,
          glass_columns_b, glass_columns_c, guppyfry_early_elven_hall
D:10:     nicolae_whirlpool, layout_loops_ring, mainiacjoe_overflow_brackets
D:11:     layout_rooms, tso_metal_star
D:12:     layout_roguey
D:13:     layout_long_grid, hangedman_vaults_entry_quadrant_bands
Temple:   hellmonk_temple_divided_pantheon
Lair:1:   dragon1_lemuel, layout_layer_cave, nicolae_lair_grazing_beasts
          [nicolae_sub_lair_graze_edge, nicolae_sub_lair_graze_edge,
          nicolae_sub_lair_graze_edge, nicolae_sub_lair_graze_edge],
          infiniplex_staircase_pool
Orc:1:    layout_caves

Skill      XL: |  1  2  3  4  5  6  7  8  9 10 11 12 |
---------------+-------------------------------------+-----
Dodging        | 3 4 5 6 7 9 10 12 | 12.4
Spellcasting   | 3 4 5 7 8 |  8.2
Air Magic      | 5 6 7 9 11 12 14 15 | 15.4
Fighting       | 2 5 6 8 |  8.0
Armour         | 3 |  3.9
Invocations    | 3 |  3.2
Stealth        | |  2.0
Conjurations   | |  1.3

Action                     |  1- 3 |  4- 6 |  7- 9 | 10-12 || total
---------------------------+-------+-------+-------+-------++-------
  Melee: Unarmed           |     2 |       |       |       ||     2
         Dagger            |    52 |    42 |       |       ||    94
         Peck              |     6 |    14 |    43 |    87 ||   150
         Kick              |    16 |    20 |    52 |   165 ||   253
         Hand axe          |       |     5 |   130 |   385 ||   520
         Punch             |       |       |     1 |     9 ||    10
   Cast: Shock             |    42 |    59 |    24 |       ||   125
         Static Discharge  |       |     5 |       |       ||     5
         Airstrike         |       |     1 |     5 |    55 ||    61
         Swiftness         |       |       |     1 |     7 ||     8
 Invoke: Divine Shield     |       |       |       |     2 ||     2
  Evoke: Wand              |       |       |     2 |     5 ||     7
    Use: Scroll            |       |     2 |     2 |    10 ||    14
         Potion            |       |       |       |     7 ||     7
   Stab: Sleeping          |     1 |       |       |       ||     1
 Armour: Robe              |    22 |    49 |    40 |    81 ||   192
         Acid dragon scale |       |       |       |    99 ||    99
         Skin              |       |       |       |    83 ||    83
  Dodge: Dodged            |    61 |    36 |   128 |   494 ||   719
  Block: Other             |       |       |       |    51 ||    51
         Reflection        |       |       |       |     8 ||     8
